AoeStats
← 化劲省二

MegaRandom

504675887Analyzed
1v1 RM · 27d ago on Sep 6, 2026· 74m 43s· 2 players
Game mode
Random Map
Map size
Tiny (2 player)
Population
200
Speed
Normal
Resources
Standard
Victory
Conquest
Starting age
Dark Age
Ending age
Imperial Age
RankedLock teamsTeams togetherTeam positionsShared explorationLock speedFull tech treeHidden civsTurbo modeCheats
Victory
Defeat
🇨🇳 Italians · China
1223
+16
🇨🇳 Byzantines · China
1232
-16
化劲省二
1:55 Loom
11:42 Feudal Age
12:30 Double-Bit Axe
14:48 Wheelbarrow
14:18 Horse Collar
19:33 Castle Age
18:01 Stone Mining
20:53 Bow Saw
21:52 Town Watch
22:54 Gold Mining
23:37 Fletching
28:24 Bodkin Arrow
31:33 Padded Archer Armor
32:33 Hand Cart
33:07 Thumb Ring
33:22 Leather Archer Armor
34:17 Forging
39:15 Imperial Age
38:09 Masonry
37:40 Treadmill Crane
40:10 Guilds
40:30 Conscription
41:01 Hoardings
42:00 Chemistry
41:33 Architecture
41:11 Scale Mail Armor
42:25 Two-Man Saw
43:10 Ballistics
42:39 Light Cavalry
43:41 Capped Ram
45:09 Bracer
45:24 Chain Mail Armor
45:39 Ring Archer Armor
44:49 Elite Genoese Crossbowman
46:21 Bloodlines
46:11 Husbandry
46:42 Pirotechnia
46:33 Murder Holes
46:49 Town Patrol
47:26 Iron Casting
47:22 Plate Mail Armor
46:57 Scale Barding Armor
47:30 Silk Road
47:36 Heavy Plow
47:43 Arrowslits
48:19 Bombard Tower
47:26 Hussar
49:05 Crop Rotation
51:16 Blast Furnace
50:50 Guard Tower
50:39 Pikeman
51:20 Squires
51:06 Arson
53:42 Fervor
55:36 Blast Furnace
54:57 Chain Barding Armor
56:59 Keep
58:04 Plate Barding Armor
玖歌丶剑咏
1:56 Loom
12:41 Feudal Age
13:37 Double-Bit Axe
18:13 Castle Age
17:31 Horse Collar
19:31 Bow Saw
28:42 Elite Skirmisher
29:59 Fletching
31:55 Gold Mining
34:05 Padded Archer Armor
36:12 Thumb Ring
36:22 Heavy Plow
38:13 Wheelbarrow
41:48 Imperial Age
39:34 Hand Cart
39:25 Bodkin Arrow
42:29 Ballistics
42:48 Guilds
43:31 Leather Archer Armor
45:09 Chemistry
45:16 Two-Man Saw
45:56 Crop Rotation
44:53 Pikeman
45:20 Gambesons
46:27 Guilds
46:20 Bracer
48:19 Halberdier
49:00 Squires
49:45 Ring Archer Armor
49:50 Scale Mail Armor
50:01 Forging
50:23 Treadmill Crane
50:38 Murder Holes
52:23 Gold Shaft Mining
51:41 Stone Mining
53:33 Iron Casting
53:13 Chain Mail Armor
53:04 Scale Barding Armor
54:40 Capped Ram
55:48 Bombard Tower
55:38 Siege Ram
57:33 Plate Mail Armor
57:23 Chain Barding Armor
72:45 Light Cavalry
73:36 Hussar
Connection lost

Rejoining the realm…

Still unreachable

The connection could not be restored.

Session expired

The server has moved on; the page needs a fresh start.